 Dungeon Crawl Stone Soup version 0.30.1-4-g462c640d31 (webtiles) character file.

Game seed: 4427130629340162218

5016 jacobus the Geomancer (level 10, -4/80 HPs)
             Began as a Grey Draconian Earth Elementalist on Aug 18, 2023.
             Was an Initiate of Vehumet.
             Slain by a red ugly thing (5 damage)
             ... on level 8 of the Dungeon on Aug 19, 2023.
             The game lasted 01:10:37 (8444 turns).

jacobus the Geomancer (DrEE)                        Turns: 8444, Time: 01:10:38

Health: -4/80      AC: 14    Str: 11    XL:     10   Next: 30%
Magic:  17/22      EV: 18    Int: 26    God:    Vehumet [......]
Gold:   463        SH:  0    Dex: 11    Spells: 17/26 levels left

rFire   . . .        a - +0 shortbow
rCold   . . .        (shield currently unavailable)
rNeg    . . .        (body armour unavailable)
rPois   .            (helmet restricted)
rElec   .            o - +0 cloak
rCorr   .            C - +0 pair of gloves
SInv    .            (no boots)
Will    .....        (no amulet)
Stlth   +++          n - +5 ring of evasion
HPRegen 0.33/turn    l - +6 ring of intelligence
MPRegen 0.18/turn

%: no passive effects
@: no status effects
A: AC +12, amphibious, unfitting armour, cold-blooded
a: Renounce Religion


You were on level 8 of the Dungeon.
You worshipped Vehumet.
Vehumet was noncommittal.
You visited 2 branches of the dungeon, and saw 9 of its levels.

You collected 463 gold pieces.

Inventory:

Hand Weapons
 a - a +0 shortbow (weapon)
 b - the +5 mace of Oenomania {heavy, Fly rN+}
   (You found it on level 3 of the Dungeon)

   rN:        It protects you from negative energy.
   Fly:       It grants you flight.
 c - a +1 spectral club
Missiles
 v - 14 poisoned darts
 y - a throwing net
Armour
 o - a +0 cloak (worn)
 C - a +0 pair of gloves (worn)
Jewellery
 l - a +6 ring of intelligence (right hand)
 n - a +5 ring of evasion (left hand)
 u - a +6 ring of strength
 w - a +6 ring of dexterity
 J - a +6 ring of strength
 L - a ring of protection from cold
Wands
 t - a wand of flame (50)
 D - a wand of roots (12)
 E - a wand of quicksilver (7)
Scrolls
 f - 9 scrolls of identify {unknown}
 g - 2 scrolls of vulnerability {unknown}
 h - 6 scrolls of enchant weapon {unknown}
 j - 3 scrolls of immolation {unknown}
 k - a scroll of teleportation
 m - 2 scrolls of torment {unknown}
 p - a scroll of noise {unknown}
 s - a scroll of fog {unknown}
 B - 3 scrolls of fear {unknown}
 I - a scroll of amnesia {unknown}
 K - a scroll of blinking {unknown}
Potions
 d - 2 potions of mutation {unknown}
 e - 3 potions of heal wounds {unknown}
 i - a potion of resistance {unknown}
 q - 6 potions of curing {unknown}
 r - a potion of magic
 x - a potion of berserk rage {unknown}
 z - 2 potions of flight {unknown}
 A - a potion of invisibility {unknown}
 F - a potion of might {unknown}
 G - a potion of degeneration {unknown}
 H - 2 potions of lignification {unknown}


   Skills:
 * Level 4.8 Fighting
 + Level 2.3 Ranged Weapons
 * Level 4.5 Dodging
 * Level 4.7 Stealth
 * Level 8.6 Spellcasting
 * Level 4.4 Transmutations
 * Level 9.9 Earth Magic


You had 17 spell levels left.
You knew the following spells:

 Your Spells              Type           Power      Damage    Failure   Level
a - Sandblast             Erth           100%       2d20      1%          1
b - Passwall              Tmut/Erth      40%        N/A       1%          2
c - Petrify               Tmut/Erth      48%        N/A       2%          4
d - Blink                 Tloc           22%        N/A       9%          2

Your spell library contained the following spells:

 Spells                   Type           Power      Damage    Failure   Level
 Stone Arrow              Conj/Erth      72%        3d11      1%          3
 Shock                    Conj/Air       44%        1d5       5%          1
 Slow                     Hex            44%        N/A       5%          1
 Lesser Beckoning         Tloc           22%        N/A       9%          2
 Momentum Strike          Conj/Tloc      22%        3d8       9%          2
 Confusing Touch          Hex            11%        N/A       16%         3
 Dazzling Flash           Conj/Hex       22%        N/A       16%         3
 Swiftness                Air            11%        N/A       16%         3
 Vampiric Draining        Necr           11%        2d6       16%         3
 Volatile Blastmotes      Fire/Tloc      22%        2d11      16%         3
 Airstrike                Air            5%         2d(1-17)  47%         4
 Iskenderun's Mystic Bla  Conj/Tloc      11%        2d4       47%         4
 Starburst                Conj/Fire      5%         6d4       100%        6


Dungeon Overview and Level Annotations

Branches:
Dungeon (8/15)             Temple (1/1) D:6
   Lair: D:8-11

Altars:
Ashenzari
Cheibriados
Dithmenos
Elyvilon
Fedhas
Gozag
Hepliaklqana
Kikubaaqudgha
Makhleb
Nemelex Xobeh
Okawaru
Qazlal
Ru
Sif Muna
Trog
Uskayaw
Vehumet
Wu Jian
Xom
Yredelemnul
Zin
The Shining One
Ignis
Jiyva
Lugonu

Annotations:
D:7 Maggie


Innate Abilities, Weirdness & Mutations

Your dull iron-grey scales are very hard. (AC +12)
You are amphibious.
You cannot fit into any form of body armour.
You are cold-blooded and may be slowed by cold attacks.


Message History

The red ugly thing is severely wounded.
The red ugly thing tentacle-slaps you but does no damage.
The red ugly thing tentacle-slaps you!
You are engulfed in flames!!
The red ugly thing attacks as you move away!
The red ugly thing tentacle-slaps you but does no damage.
Casting: Sandblast (safe; 1% risk of failure)
Confirm with . or Enter, or press ? or * to list all spells.
Aiming: Sandblast (safe; 1% risk of failure)
Press: ? - help, Shift-Dir - straight line, f/p - red ugly thing
Aim: a red ugly thing (heavily wounded, 85% to hit)
The blast of sand hits the red ugly thing but does no damage.
The red ugly thing is heavily wounded.
The red ugly thing misses you.
Casting: Sandblast (safe; 1% risk of failure)
Confirm with . or Enter, or press ? or * to list all spells.
Aiming: Sandblast (safe; 1% risk of failure)
Press: ? - help, Shift-Dir - straight line, f/p - red ugly thing
Aim: a red ugly thing (heavily wounded, 85% to hit)
The blast of sand hits the red ugly thing!
The red ugly thing is severely wounded.
The red ugly thing tentacle-slaps you.
You are engulfed in flames!!
The red ugly thing completely misses you.
Casting: Sandblast (safe; 1% risk of failure)
Confirm with . or Enter, or press ? or * to list all spells.
You aren't next to any passable walls.
Casting: Passwall (safe; 1% risk of failure)
Confirm with . or Enter, or press ? or * to list all spells.
Aiming: Passwall (safe; 1% risk of failure)
Press: ? - help, Dir - move target, p - red ugly thing You can't see that place. [the floor.]
The red ugly thing tentacle-slaps you!
* * * LOW HITPOINT WARNING * * *
You are engulfed in flames!!
* * * LOW HITPOINT WARNING * * *
You begin to meditate on the wall.
You continue meditating on the rock.
The red ugly thing tentacle-slaps you but does no damage.
You continue meditating on the rock.
The red ugly thing tentacle-slaps you.
You die...

..÷..#...................#.S#....
###..#..............#....#..#....
###..##....##########....#..#....
.'.........#...#.........#..#....
.#....#....#...#.........#..#....
#######.[..#...#.........#(.#>...
#..........#...'.........#..#....
#..........#..##...##....#..#....
#..........'..##@..##....#..'....
#..........#..[#u........#..#....
.....#######[..#.........#..#....
.....+.........#.........#..#....
.....#.........#.........#..#)...
.... ###.)##.............#..#....
###. #..##..##...##....#..#....
#...#..##...##....#..#....
#...+...#.........#..#....


You could see a red ugly thing.

Vanquished Creatures
  Pikel (D:6)
  A troll (D:7)
  A wyvern (D:8)
  3 steam dragons (D:8)
  2 acid dragons (D:8)
  A water moccasin (D:8)
  3 sky beasts
  3 orc warriors
  3 ice beasts
  2 black bears
  2 ogres
  2 centaurs
  4 phantoms
  2 lemures (D:6)
  5 bullfrogs
  2 scorpions
  5 wights
  A howler monkey (D:6)
  3 hounds
  2 gnoll boudas
  6 orc priests
  4 iguanas
  4 jellies
  3 sleepcaps
  Jessica (D:2)
  5 orc wizards
  Terence (D:1)
  Robin (D:3)
  10 gnolls
  7 adders
  A shadow imp (D:5)
  4 worms
  A dart slug (D:1)
  22 orcs
  8 ball pythons
  6 bats
  10 endoplasms
  5 giant cockroaches
  11 goblins
  14 hobgoblins
  11 kobolds
  2 quokkas (D:1)
  2 frilled lizards
  6 rats
193 creatures vanquished.

Notes
Turn   | Place    | Note
-------+----------+-------------------------------------------
     0 | D:1      | jacobus the Draconian Earth Elementalist began the quest
                  | for the Orb.
     0 | D:1      | Reached XP level 1. HP: 14/14 MP: 3/3
   136 | D:1      | Found a faded altar of an unknown god.
   153 | D:1      | Reached XP level 2. HP: 19/20 MP: 3/5
   749 | D:1      | Reached XP level 3. HP: 26/26 MP: 3/6
   915 | D:1      | Learned a level 2 spell: Passwall
   943 | D:1      | D:1
  1282 | D:2      | Noticed Jessica
  1287 | D:2      | Killed Jessica
  1288 | D:2      | Reached skill level 4 in Earth Magic
  1288 | D:2      | Reached XP level 4. HP: 33/33 MP: 4/8
  1537 | D:3      | Noticed Terence
  1537 | D:3      | Noticed Robin
  1821 | D:1      | Killed Terence
  2096 | D:2      | Reached XP level 5. HP: 29/39 MP: 5/9
  2189 | D:3      | Killed Robin
  2427 | D:3      | Identified the +5 mace of Oenomania {heavy, Fly rN+}
  2781 | D:4      | Reached skill level 1 in Fighting
  2906 | D:4      | Noticed a phantom
  2906 | D:4      | Noticed an ogre
  3229 | D:4      | Noticed an ice beast
  3245 | D:4      | Noticed a phantom
  3261 | D:4      | Killed a phantom
  3262 | D:4      | Reached XP level 6. HP: 38/47 MP: 11/11
  3467 | D:5      | Entered Level 5 of the Dungeon
  3546 | D:5      | Reached skill level 5 in Earth Magic
  3581 | D:5      | Your scales start taking on a dull iron-grey colour.
  3581 | D:5      | Reached skill level 6 in Earth Magic
  3581 | D:5      | Reached XP level 7. HP: 53/53 MP: 10/13
  3592 | D:5      | Learned a level 4 spell: Petrify
  3881 | D:5      | Reached skill level 5 in Spellcasting
  4470 | D:4      | Reached skill level 7 in Earth Magic
  4470 | D:4      | Reached XP level 8. HP: 58/62 MP: 14/16
  5198 | D:6      | Reached skill level 8 in Earth Magic
  5664 | D:6      | Reached XP level 9. HP: 51/70 MP: 16/18
  5983 | D:5      | Reached skill level 1 in Ranged Weapons
  6068 | D:6      | Found a staircase to the Ecumenical Temple.
  6083 | Temple   | Entered the Ecumenical Temple
  6238 | Temple   | Became a worshipper of Vehumet
  6377 | D:7      | Noticed Pikel
  6450 | D:6      | Killed Pikel
  6543 | D:7      | Reached skill level 9 in Earth Magic
  6691 | D:7      | Noticed a troll
  6701 | D:7      | Killed a troll
  6871 | D:7      | Noticed Maggie
  7648 | D:8      | Reached XP level 10. HP: 66/80 MP: 13/22
  7909 | D:8      | Noticed a red ugly thing
  8415 | D:8      | Learned a level 2 spell: Blink
  8442 | D:8      | HP: 1/80 [red ugly thing (18)]
  8444 | D:8      | Slain by a red ugly thing

Illustrated notes

##.#######.# #..........#
####...######.# #......# #.#
#.##.#.# #.# ##########.##.#.#
#.# #...........#.#.# #.#
#############.#.# #†#
#...@....#.#.# #.# #..........#.#
#.# #############........###.###
#.# ..........)................#
#.#
##########################.####.#
...............≈≈~≈≈≈≈≈≈≈#....#.#
...........~~~...~~≈≈≈≈≈≈####...#
....#....~~~≈~.~....~≈≈≈≈# #....
....##..~.~~.≈.~~≈...~~≈≈# #....


Turn 943 on D:1: D:1

Levels and vault maps discovered:
D:1:      dpeg_arrival_more_subterranean_lakeside_camping, layout_basic,
          shapermc_ecumenical_altar_totnotflames
D:2:      layout_basic, uniq_jessica
D:3:      layout_rooms, uniq_terence, uniq_robin
D:4:      minmay_chambers_of_threes, layout_basic
D:5:      layout_gridville
D:6:      layout_rooms, minmay_temple_entry_glassed_door, minmay_misc_feat_iff,
          roderic_serpentine_path
D:7:      layout_loops_cross, enter_bailey_2, uniq_pikel, uniq_maggie
D:8:      cheibrodos_barr_body, layout_gridville, minmay_microvault
Temple:   hellmonk_choose_your_character

Skill      XL: |  1  2  3  4  5  6  7  8  9 |
---------------+----------------------------+-----
Stealth        | 2 3 4 |  4.7
Dodging        | 2 3 4 |  4.5
Earth Magic    | 4 6 7 8 9 |  9.9
Spellcasting   | 3 4 5 6 8 |  8.6
Fighting       | 1 2 3 4 |  4.8
Transmutations | 2 3 4 |  4.4
Ranged Weapons | 2 |  2.3

Action                     |  1- 3 |  4- 6 |  7- 9 | 10-12 || total
---------------------------+-------+-------+-------+-------++-------
  Melee: Dagger            |    10 |       |       |       ||    10
         Punch             |     1 |       |     2 |       ||     3
         Whip              |    13 |       |       |       ||    13
         Tailslap          |     2 |     1 |     3 |       ||     6
         Club              |       |    23 |     3 |       ||    26
         Mace              |       |     3 |    32 |       ||    35
   Fire: Shortbow          |       |       |    58 |     8 ||    66
   Cast: Sandblast         |    51 |    71 |   161 |    51 ||   334
         Passwall          |     1 |     5 |     3 |     5 ||    14
         Petrify           |       |       |     3 |     2 ||     5
  Evoke: Wand              |       |       |     3 |       ||     3
    Use: Scroll            |       |       |       |     1 ||     1
 Armour: Skin              |    12 |    57 |    49 |    19 ||   137
  Dodge: Dodged            |    21 |    98 |   147 |    41 ||   307
